 Dungeon Crawl Stone Soup version 0.27.0-1-g7a089689b8 (webtiles) character file.

Game seed: 17622840101533457330

2563 tilp the Geomancer (level 9, -6/52 HPs)
             Began as a Gargoyle Earth Elementalist on Aug 8, 2021.
             Killed from afar by a gargoyle (23 damage)
             ... with a stone arrow
             ... on level 7 of the Dungeon.
             The game lasted 00:14:33 (8937 turns).

tilp the Geomancer (Gargoyle Earth Elementalist)    Turns: 8937, Time: 00:14:34

Health: -6/52      AC: 12    Str: 12    XL:     9   Next: 57%
Magic:  2/15       EV: 12    Int: 19    God:
Gold:   196        SH:  0    Dex: 10    Spells: 6/16 levels left

rFire    . . .     SeeInvis .   a - +2 whip (elec)
rCold    + . .     Faith    .   (no shield)
rNeg     + . .     Spirit   .   B - +2 leather armour {rC+}
rPois    ∞         Reflect  .   (no helmet)
rElec    +         Harm     .   (no cloak)
rCorr    +         Rampage  .   m - +0 pair of gloves
Will     +....                  (no boots)
Stlth    ++........             (no amulet)
HPRegen  0.17/turn              l - ring of willpower
MPRegen  0.14/turn              v - ring of resist corrosion

@: no status effects
A: sickness immunity, AC +6, negative energy resistance 1, electricity
resistance, torment resistance 1, petrification resistance
a: no special abilities


You were on level 7 of the Dungeon.
You visited 2 branches of the dungeon, and saw 8 of its levels.
You also visited: Ossuary.

You collected 238 gold pieces.
You spent 42 gold pieces at shops.

Inventory:

Hand Weapons
 a - a +2 whip of electrocution (weapon)
 b - a +1 whip of venom
Missiles
 c - 107 stones
 g - 7 javelins (quivered)
 n - 8 boomerangs
 s - 20 poisoned darts
Armour
 j - a +1 robe
 m - a +0 pair of gloves (worn)
 B - a +2 leather armour of cold resistance (worn)
Jewellery
 l - a ring of willpower (left hand)
 o - a ring of willpower
 p - a ring of ice
 v - a ring of resist corrosion (right hand)
 w - a ring of wizardry
Wands
 u - a wand of iceblast (3)
 x - a wand of charming (7)
Scrolls
 f - 3 scrolls of teleportation
 q - 2 scrolls of vulnerability
 y - a scroll of magic mapping
 C - a scroll of silence {unknown}
Potions
 d - a potion of ambrosia
 e - a potion of heal wounds
 h - 3 potions of magic
 i - 3 potions of brilliance
 k - 7 potions of curing
 t - a potion of lignification {unknown}
 z - 2 potions of haste
 A - 2 potions of cancellation {unknown}
 D - a potion of berserk rage {unknown}


   Skills:
 - Level 4.0 Fighting
 - Level 4.0 Dodging
 - Level 4.0 Stealth
 - Level 4.0 Spellcasting
 - Level 6.0 Conjurations
 + Level 2.9 Transmutations
 + Level 8.1 Earth Magic
 - Level 4.0 Evocations


You had 6 spell levels left.
You knew the following spells:

 Your Spells              Type           Power      Damage    Failure   Level
a - Sandblast             Erth           68%        2d15      1%          1
b - Passwall              Tmut/Erth      20%        N/A       2%          2
c - Stone Arrow           Conj/Erth      60%        3d10      2%          3
d - Petrify               Tmut/Erth      24%        N/A       19%         4

Your spell library contained the following spells:

 Spells                   Type           Power      Damage    Failure   Level
 Shock                    Conj/Air       60%        1d6       4%          1
 Wereblood                Tmut           14%        N/A       8%          2
 Leda's Liquefaction      Hex/Erth       9%         N/A       32%         4
 Call Canine Familiar     Summ           3%         N/A       45%         3
 Portal Projectile        Hex/Tloc       6%         N/A       45%         3
 Swiftness                Air            3%         N/A       45%         3
 Airstrike                Air            1%         N/A       86%         4
 Summon Hydra             Summ           1%         N/A       100%        7
 Sublimation of Blood     Necr           Unusable   N/A       N/A         2

Dungeon Overview and Level Annotations

Branches:
Dungeon (7/15)             Temple (1/1) D:5         Ossuary (visited)

Altars:
Ashenzari
Cheibriados
Dithmenos
Elyvilon
Fedhas
Hepliaklqana
Kikubaaqudgha
Makhleb
Nemelex Xobeh
Ru
Sif Muna
Trog
Uskayaw
Wu Jian
Xom
The Shining One

Shops:
D:2 ?

Annotations:
D:5 exclusion: phantom, Prince Ribbit
D:7 exclusion: two-headed ogre


Innate Abilities, Weirdness & Mutations

You are immune to sickness and miasma.
Your stone body is resilient. (AC +6)
You are immune to poison.
You resist negative energy. (rN+)
You are resistant to electric shocks. (rElec)
You are resistant to unholy torment.
You are immune to petrification.


Message History

The mass of ice explodes!
The iceblast engulfs something!
Something hits you but does no damage. Something hits you!
* * * LOW HITPOINT WARNING * * *
The jelly barely misses you.
Unknown command.
Unknown command.
Unknown command.
Aiming: Iceblast
Press: ? - help, Shift-Dir - straight line The mass of ice explodes!
The iceblast engulfs something!
Reactivating autopickup.
You feel a bit more experienced. The jelly hits you but does no damage.
Your Earth Magic skill increases to level 8!
Unknown command.
Unknown command.
Unknown command.
Casting: Stone Arrow (dangerous; 3% risk of failure)
Confirm with . or Enter, or press ? or * to list all spells.
Aiming: Stone Arrow (dangerous; 3% risk of failure)
Press: ? - help, Shift-Dir - straight line, f - jelly
Aim: a jelly (severely wounded, 100% to hit)
The stone arrow hits the jelly!
You kill the jelly!
A bullfrog skeleton comes into view.
The gargoyle closely misses you.
Training target 4.0 for Evocations reached!
Your Evocations skill increases to level 4!
Casting: Stone Arrow (dangerous; 2% risk of failure)
Confirm with . or Enter, or press ? or * to list all spells.
You don't have enough magic to cast this spell.
Unknown command.
Unknown command.
You hit the gargoyle but do no damage.
The gargoyle is severely damaged.
The gargoyle hits you but does no damage.
You hit the gargoyle but do no damage.
The gargoyle is severely damaged.
The gargoyle hurls a stone arrow at you.
The stone arrow hits you!!
You die...

...#...#.####........# #.###
.........####†.......#####.# #
.#...#.................##..###
.#.#...#=#...........)..)..)#....
..#...#...#.##.#........>#....###
............##.†...........#.....
#...#...#...Z#.#..####.(......###
#(#...#[#.....#..# #.##.##..# #
..#...#...#.##.9@.# #.##.##..###
...............##.# #.##........
..#...#....###...# #.#####.#.##
#...#)#..## .....#.# #.#.#
#...#...#.# ...#.# ..#.#
............# ###.# ## .#
############# # # . ## .##


You could see a gargoyle and a bullfrog skeleton.

Vanquished Creatures
  An unseen horror (D:7)
  Sigmund (D:5)
  A steam dragon (D:7)
  2 water moccasins
  A sky beast (D:7)
  A black bear (D:5)
  A necrophage (D:7)
  A centaur (D:5)
  An elf zombie (Ossuary)
  A kobold brigand (D:7)
  A bullfrog (D:7)
  3 scorpions
  2 water moccasin skeletons
  A howler monkey (D:7)
  3 jellies
  3 centaur zombies (Ossuary)
  A bullfrog zombie (D:5)
  2 hounds (D:5)
  3 bullfrog skeletons
  A centaur skeleton (D:5)
  2 human zombies (Ossuary)
  6 iguanas
  An orc wizard (D:4)
  A hound skeleton (D:4)
  2 mummies (Ossuary)
  9 adders
  4 gnolls (D:2)
  A white imp (D:4)
  An ufetubus (D:6)
  2 adder zombies (Ossuary)
  4 worms
  3 dart slugs
  9 orcs
  5 endoplasms
  A giant cockroach (D:2)
  7 hobgoblins
  4 jackals
  2 quokkas
  3 ball pythons
  8 bats
  3 goblins
  11 hobgoblin zombies (Ossuary)
  A jackal skeleton (D:4)
  3 jackal zombies (Ossuary)
  15 kobolds
  7 kobold zombies (Ossuary)
  7 orc zombies (Ossuary)
  2 rats
155 creatures vanquished.

Notes
Turn   | Place    | Note
-------+----------+-------------------------------------------
     0 | D:1      | tilp the Gargoyle Earth Elementalist began the quest for
                  | the Orb.
     0 | D:1      | Reached XP level 1. HP: 10/10 MP: 3/3
   203 | D:1      | Reached skill level 4 in Earth Magic
   274 | D:1      | Reached XP level 2. HP: 15/15 MP: 3/5
   704 | D:2      | Reached skill level 5 in Earth Magic
   704 | D:2      | Reached XP level 3. HP: 18/19 MP: 1/6
   707 | D:2      | Learned a level 2 spell: Passwall
   711 | D:2      | Learned a level 3 spell: Stone Arrow
  1338 | D:2      | Found Muuz's Magic Scroll Shop.
  1375 | D:2      | Bought a scroll of teleportation for 42 gold pieces
  1498 | D:2      | Reached skill level 1 in Conjurations
  1502 | D:2      | Reached XP level 4. HP: 24/24 MP: 1/7
  2308 | D:3      | Found a faded altar of an unknown god.
  2510 | D:3      | Reached XP level 5. HP: 21/28 MP: 8/8
  2590 | D:3      | Found a sacrificial altar of Ru.
  2651 | D:3      | Reached skill level 6 in Earth Magic
  3401 | D:4      | Found a blossoming altar of Fedhas.
  3954 | D:4      | Found a hide-covered altar of Uskayaw.
  3955 | D:4      | Noticed a +0 dagger
  3955 | D:4      | Noticed a +0 hand axe
  4086 | D:4      | Found a broken altar of Ashenzari.
  4099 | D:4      | Reached XP level 6. HP: 25/33 MP: 2/9
  4151 | D:4      | Reached skill level 1 in Fighting
  4729 | D:5      | Entered Level 5 of the Dungeon
  4938 | D:5      | Found a sand-covered staircase.
  4938 | D:5      | Noticed Sigmund
  4955 | D:5      | Killed Sigmund
  4956 | D:5      | Reached XP level 7. HP: 11/41 MP: 1/10
  5135 | Ossuary  | Entered an ossuary
  5818 | Ossuary  | Reached XP level 8. HP: 36/48 MP: 1/11
  6128 | D:5      | Found a broken altar of Ashenzari.
  6157 | D:5      | Reached skill level 1 in Evocations
  6260 | D:5      | Noticed Prince Ribbit
  6790 | D:5      | Found a staircase to the Ecumenical Temple.
  7031 | Temple   | Entered the Ecumenical Temple
  7371 | D:6      | Found an ornate altar of the Wu Jian Council.
  7504 | D:6      | Reached skill level 5 in Conjurations
  7662 | D:6      | Learned a level 4 spell: Petrify
  7765 | D:6      | Found a hazy altar of Hepliaklqana.
  7854 | D:6      | Found a shadowy altar of Dithmenos.
  8006 | D:6      | Reached skill level 7 in Earth Magic
  8095 | D:6      | Reached skill level 1 in Transmutations
  8236 | D:7      | Noticed a komodo dragon
  8378 | D:7      | Reached XP level 9. HP: 40/52 MP: 4/14
  8789 | D:7      | Noticed a two-headed ogre
  8915 | D:7      | Noticed a gargoyle
  8934 | D:7      | Killed an unseen horror
  8935 | D:7      | Reached skill level 8 in Earth Magic
  8937 | D:7      | Killed from afar by a gargoyle

Illustrated notes

Levels and vault maps discovered:
D:1:      minmay_arrival_widening_spiral_wide, layout_basic, chequers_garden
D:2:      layout_basic, serial_shops, shop
D:3:      layout_loops_ring, nicolae_ru_awakened_eye,
          shapermc_ecumenical_altar_petra, roderic_st_hans_cross
D:4:      layout_gridville, dancing_weapons_uskayaw, lemuel_crystal_altar,
          minmay_ruined_shrine
D:5:      layout_basic, old_standard_altar, minmay_temple_entry_enclosed_plants,
          chequers_ossuary_entry_cave, corexii_leaking_fountain, uniq_sigmund,
          uniq_prince_ribbit1
D:6:      layout_basic, nicolae_wu_jian_immortal_techniques,
          nzn_hepliaklqana_mist_gate, nicolae_dithmenos_the_darkroom
D:7:      cheibrodos_fzero, layout_loops_ring, glass_columns_a,
          minmay_misc_feat_cross, guppyfry_early_elven_hall
Temple:   nicolae_temple_figure_zero

Skill      XL: |  1  2  3  4  5  6  7  8  9 |
---------------+----------------------------+-----
Earth Magic    | 4 5 6 7 8 |  8.1
Conjurations   | 1 2 4 5 6 |  6.0
Fighting       | 3 4 |  4.0
Dodging        | 3 4 |  4.0
Stealth        | 4 |  4.0
Evocations     | 2 4 |  4.0
Spellcasting   | 3 4 |  4.0
Transmutations | 1 2 |  2.9

Action                   |  1- 3 |  4- 6 |  7- 9 || total
-------------------------+-------+-------+-------++-------
Melee: Spear             |    70 |       |       ||    70
       Whip              |       |   143 |   274 ||   417
Throw: Javelin           |     1 |     1 |     1 ||     3
 Cast: Sandblast         |    22 |    13 |    17 ||    52
       Passwall          |     2 |     1 |       ||     3
       Stone Arrow       |       |     9 |    53 ||    62
Evoke: Wand              |       |     4 |     5 ||     9
  Use: Scroll            |     2 |     6 |     6 ||    14
 Stab: Sleeping          |     1 |     2 |     2 ||     5
Armor: Robe              |    19 |    59 |   125 ||   203
       Leather armour    |       |       |    37 ||    37
Dodge: Dodged            |    38 |    81 |   190 ||   309
